 Dungeon Crawl Stone Soup version 0.27.1 (webtiles) character file.

Game seed: 7298851367245502959

1590 VictoriousLee the Carver (level 8, 0/59 HPs)
             Began as a Barachi Fighter on Sept 3, 2021.
             Slain by a wyvern (15 damage)
             ... on level 7 of the Dungeon.
             The game lasted 00:15:47 (5733 turns).

VictoriousLee the Carver (Barachi Fighter)          Turns: 5733, Time: 00:15:48

Health: 0/59       AC:  9    Str: 19    XL:     8   Next: 92%
Magic:  8/8        EV:  7    Int:  9    God:
Gold:   181        SH:  9    Dex: 12    Spells: 6/7 levels left

rFire    x . .     SeeInvis .   A - +10 hand axe of Ramif {drain, rElec rF- rC+ Will++}
rCold    + . .     Faith    .   c - +0 kite shield
rNeg     . . .     Spirit   .   b - +0 scale mail
rPois    .         Reflect  .   (no helmet)
rElec    +         Harm     .   (no cloak)
rCorr    +         Rampage  .   q - +1 pair of gloves
Will     ++...                  (no boots)
Stlth    ..........             (no amulet)
HPRegen  0.19/turn              y - ring of resist corrosion
MPRegen  0.11/turn              (no ring)

@: slow
A: amphibious, slowness 1, strong legs 1, +LOS
a: Hop


You were on level 7 of the Dungeon.
You visited 1 branch of the dungeon, and saw 7 of its levels.

You collected 251 gold pieces.
You spent 70 gold pieces at shops.

Inventory:

Hand Weapons
 a - a +0 long sword
 n - a +0 long sword
 A - the +10 hand axe of Ramif (weapon) {drain, rElec rF- rC+ Will++}
   (You found it on level 4 of the Dungeon)

   A truly terrible weapon, it drains the life of any living foe it strikes.
   rF:        It makes you vulnerable to fire.
   rC:        It protects you from cold.
   rElec:     It insulates you from electricity.
   Will:      It greatly increases your willpower.
 J - a +1 whip of draining
 K - a +4 hand axe
Missiles
 k - 146 stones
 l - 82 arrows
 m - 49 bolts
 o - 5 boomerangs of dispersal
 s - 2 throwing nets
 x - 13 javelins
Armour
 b - a +0 scale mail (worn)
 c - a +0 kite shield (worn)
 e - a +0 ring mail
 p - a scarf of harm
 q - a +1 pair of gloves (worn)
Magical Staves
 t - a staff of fire
Jewellery
 y - a ring of resist corrosion (left hand)
Wands
 D - a wand of polymorph (11)
 G - a wand of iceblast (5)
Scrolls
 g - a scroll of immolation {unknown}
 i - 4 scrolls of teleportation
 r - a scroll of identify
 u - a scroll of noise {unknown}
 w - 3 scrolls of fear
 B - a scroll of blinking {unknown}
 C - a scroll of vulnerability {unknown}
 E - a scroll of brand weapon {unknown}
Potions
 d - a potion of might
 f - 2 potions of curing
 h - 2 potions of degeneration
 j - 2 potions of resistance
 v - a potion of heal wounds
 z - 3 potions of lignification
 F - a potion of invisibility {unknown}
 H - a potion of attraction {unknown}
 I - a potion of berserk rage {unknown}


   Skills:
 - Level 3.6 Fighting
 + Level 12.8 Long Blades
 - Level 3.6 Armour
 - Level 3.2 Shields


You had 6 spell levels left.
You knew the following spells:

 Your Spells              Type           Power      Damage    Failure   Level
a - Shock                 Conj/Air       0%         1d3       99%         1

Your spell library contained the following spells:

 Spells                   Type           Power      Damage    Failure   Level
 Animate Skeleton         Necr           0%         N/A       99%         1
 Foxfire                  Conj/Fire      0%         2x1d4     99%         1
 Pain                     Necr           0%         1d4       99%         1
 Static Discharge         Conj/Air       0%         N/A       100%        2
 Dazzling Flash           Conj/Hex       0%         N/A       100%        3
 Mephitic Cloud           Conj/Pois/Air  0%         N/A       100%        3
 Swiftness                Air            0%         N/A       100%        3
 Vampiric Draining        Necr           0%         2d6       100%        3
 Airstrike                Air            0%         N/A       100%        4
 Iskenderun's Mystic Bla  Conj/Tloc      0%         2d3       100%        4
 Lightning Bolt           Conj/Air       0%         1d11      100%        5
 Starburst                Conj/Fire      0%         6d3       100%        6
 Malign Gateway           Summ/Tloc      0%         N/A       100%        7
 Maxwell's Capacitive Co  Air            0%         ∞         100%        8


Dungeon Overview and Level Annotations

Branches:
Dungeon (7/15)
 Temple: D:4-7

Altars:
Gozag
Hepliaklqana
Ru
Uskayaw
Vehumet
Wu Jian
The Shining One

Shops:
D:3 !


Innate Abilities, Weirdness & Mutations

You are amphibious.
You cover ground slowly.
You can hop short distances.
You have an extended range of vision and can be seen from far away.


Message History

Things that are here:
a +3 dire flail; a +0 robe
Items here: )) [[.
K - a +4 hand axe Done exploring.
(D) Dungeon
Where to? (Enter - D:7, ? - help)
There is a stone staircase leading down here.
You climb downwards.
The wight hits you with a +2 battleaxe! You block the wight's attack.
There is a stone staircase leading up, spattered with blood here.
You closely miss the wight. You block the wight's attack.
You slash the wight!
The wight is heavily damaged.
The wight closely misses you. You block the wight's attack.
You slash the wight!
You destroy the wight!
No target in view!
A wyvern comes into view.
The wyvern hisses angrily.
Things that are here:
a +2 battleaxe; a +0 robe A wyvern is nearby!
Found a plate armour.
Things that are here:
a +2 battleaxe; a +0 robe The wyvern hisses menacingly.
There is a stone staircase leading up, spattered with blood here.
You slash the wyvern!
The wyvern is moderately wounded.
The wyvern barely misses you. The wyvern bites you! The wyvern bites you.
You hit the wyvern.
The wyvern is heavily wounded.
The wyvern bites you! x2
* * * LOW HITPOINT WARNING * * *
You are too injured to fight recklessly!
You slash the wyvern!
The wyvern is almost dead.
You block the wyvern's attack. The wyvern bites you!
You die...

..................
..................
..................
..................
..................
[.................
..................
........)l........
........@.........
..................
.........>........
..................
..................
..................
................>.
.................
.................


You could see a wyvern.

Vanquished Creatures
  A basilisk (D:6)
  A water moccasin (D:5)
  A necrophage (D:4)
  A black bear (D:6)
  An ogre (D:6)
  A phantom (D:5)
  A centaur (D:5)
  2 wyvern zombies
  A water moccasin skeleton (D:6)
  4 wights
  A howler monkey (D:5)
  A centaur skeleton (D:3)
  2 jellies (D:6)
  An orc priest (D:6)
  3 hounds
  An iguana (D:4)
  Ijyb (D:5)
  4 orc wizards
  A hound skeleton (D:4)
  4 gnolls (D:5)
  7 adders
  A white imp (D:6)
  An ufetubus (D:6)
  3 worms
  2 dart slugs
  12 orcs
  4 bats
  4 endoplasms
  3 giant cockroaches
  5 goblins
  6 hobgoblins
  2 jackals (D:3)
  6 ball pythons
  3 kobolds
  2 rats
94 creatures vanquished.

Vanquished Creatures (others)
  3 plants (D:4)
  5 toadstools (D:1)
8 creatures vanquished.

Grand Total: 102 creatures vanquished

Notes
Turn   | Place    | Note
-------+----------+-------------------------------------------
     0 | D:1      | VictoriousLee the Barachi Fighter began the quest for the
                  | Orb.
     0 | D:1      | Reached XP level 1. HP: 18/18 MP: 1/1
    64 | D:1      | You fall into a shaft and drop 1 floor!
    96 | D:2      | Found a hazy altar of Hepliaklqana.
   120 | D:2      | Reached skill level 3 in Long Blades
   157 | D:2      | Reached XP level 2. HP: 19/24 MP: 2/2
   861 | D:1      | Reached skill level 4 in Long Blades
   865 | D:1      | Reached XP level 3. HP: 24/29 MP: 3/3
  1306 | D:1      | Found a faded altar of an unknown god.
  1469 | D:3      | Reached skill level 5 in Long Blades
  1469 | D:3      | Reached XP level 4. HP: 30/36 MP: 4/4
  2095 | D:3      | Found Pouss's Distillery.
  2104 | D:3      | Bought a potion of heal wounds for 70 gold pieces
  2130 | D:4      | Found a hide-covered altar of Uskayaw.
  2158 | D:4      | Reached skill level 6 in Long Blades
  2158 | D:4      | Reached XP level 5. HP: 31/41 MP: 5/5
  2467 | D:4      | Noticed a necrophage
  2471 | D:4      | Reached skill level 7 in Long Blades
  2641 | D:4      | Killed a necrophage
  2642 | D:4      | Reached XP level 6. HP: 32/47 MP: 6/6
  2763 | D:4      | Reached skill level 8 in Long Blades
  2845 | D:4      | Identified the +10 hand axe of Ramif {drain, rElec rF- rC+
                  | Will++}
  2901 | D:4      | Found a glowing golden altar of the Shining One.
  3088 | D:4      | Found a sacrificial altar of Ru.
  3516 | D:5      | Entered Level 5 of the Dungeon
  3520 | D:5      | Noticed a water moccasin
  3526 | D:5      | Reached XP level 7. HP: 52/52 MP: 7/7
  3541 | D:5      | Reached skill level 9 in Long Blades
  3590 | D:5      | Reached skill level 10 in Long Blades
  3884 | D:5      | Reached XP level 8. HP: 28/59 MP: 8/8
  4135 | D:5      | Noticed Ijyb
  4147 | D:5      | Killed Ijyb
  4286 | D:5      | Found a hazy altar of Hepliaklqana.
  4468 | D:6      | Reached skill level 11 in Long Blades
  4578 | D:6      | Reached skill level 12 in Long Blades
  4850 | D:6      | Got the Papyrus of Creative Confrontation
  4879 | D:6      | Learned a level 1 spell: Shock
  4901 | D:6      | Found a radiant altar of Vehumet.
  4901 | D:6      | Found an opulent altar of Gozag.
  4949 | D:6      | Found an ornate altar of the Wu Jian Council.
  5415 | D:6      | HP: 2/56 [wight (9)]
  5726 | D:7      | Noticed a wyvern
  5733 | D:7      | Slain by a wyvern

Illustrated notes

Levels and vault maps discovered:
D:1:      ldierk_walled_garden, layout_loops_ring,
          chequers_ecumenical_altar_lobes
D:2:      layout_rooms, basic_altar
D:3:      layout_rooms, serial_shops, nicolae_shop_crystal
D:4:      layout_basic, mainiacjoe_overflow_concentric_impassable,
          nicolae_tso_carved_into_rock, mainiacjoe_overflow_tiny_flanked,
          guppyfry_early_lair_pool
D:5:      layout_rooms, worldfamousw_hep_ancestral_shrine, uniq_ijyb
D:6:      layout_loops_ring, amcnicky_altar_gilded,
          gammafunk_temple_overflow_elements
D:7:      layout_layer_cave, grunt_temple_overflow_order_and_chaos_1,
          grunt_dithmenos_shadows, minmay_temple_entry_mist, uniq_joseph,
          uniq_pikel

Skill      XL: |  1  2  3  4  5  6  7  8 |
---------------+-------------------------+-----
Long Blades    | 3 4 5 6 7 8 10 12 | 12.8
Fighting       | |  3.6
Armour         | |  3.6
Shields        | |  3.2

Action                   |  1- 3 |  4- 6 |  7- 9 || total
-------------------------+-------+-------+-------++-------
Melee: Long sword        |    83 |   126 |       ||   209
       Hand axe          |       |    25 |   104 ||   129
 Abil: Hop               |       |     1 |     1 ||     2
Evoke: Wand              |       |       |     4 ||     4
  Use: Potion            |       |     3 |       ||     3
       Scroll            |       |     2 |     3 ||     5
Armor: Scale mail        |    49 |    78 |    52 ||   179
Dodge: Dodged            |    30 |    45 |    28 ||   103
Block: Kite shield       |    49 |    76 |    50 ||   175
       Rpst.: Long sword |     7 |    15 |       ||    22
